 Dungeon Crawl Stone Soup version 0.28-a0-664-gc179e30c89 (webtiles) character file.

Game seed: 16611323596531667119

2082 Irenicus the Earth Mage (level 9, -3/73 HPs)
             Began as a Deep Dwarf Earth Elementalist on Oct 15, 2021.
             Was a Follower of Makhleb.
             Slain by a gnoll sergeant (9 damage)
             ... on level 7 of the Dungeon.
             The game lasted 00:21:44 (3202 turns).

Irenicus the Earth Mage (DDEE)                      Turns: 3202, Time: 00:21:45

Health: -3/73      AC:  8    Str: 14    XL:     9   Next: 6%
Magic:  3/12       EV: 12    Int: 18    God:    Makhleb [*.....]
Gold:   311        SH:  0    Dex: 13    Spells: 6/12 levels left

rFire   + . .      SeeInvis .   x - +10 flail "Ekko Jenn" {vorpal, Str+3}
rCold   . . .      Faith    +   (no shield)
rNeg    . . .      Spirit   .   v - +0 steam dragon scales
rPois   .          Reflect  .   (helmet restricted)
rElec   .          Harm     .   e - +0 cloak
rCorr   .          Rampage  .   (no gloves)
Will    +....                   (no boots)
Stlth   ++........              g - amulet of faith {!P}
HPRegen 0.00/turn               F - ring of protection from fire
MPRegen 0.13/turn               (no ring)

@: attractive
A: damage resistance, heal wounds, sense surroundings 2, no regeneration, horns
1, iridescent scales 1, passive freeze, weak 1
a: Heal Wounds, Renounce Religion


You were on level 7 of the Dungeon.
You worshipped Makhleb.
Makhleb was aware of your devotion.
You visited 2 branches of the dungeon, and saw 8 of its levels.

You collected 311 gold pieces.


Innate Abilities, Weirdness & Mutations

You are resistant to damage.
You can heal yourself by infusing magical energy.
You passively map the area around you.
You do not regenerate.
You have a pair of small horns on your head.
You are partially covered in iridescent scales. (AC +2)
A frigid envelope surrounds you and freezes all who hurt you.
You are weak. (Str -2)


   Skills:
 - Level 2.1 Fighting
 - Level 2.1 Dodging
 - Level 2.4 Stealth
 - Level 2.2 Spellcasting
 - Level 0.8 Transmutations
 + Level 15.1 Earth Magic


You had 6 spell levels left.
You knew the following spells:

 Your Spells              Type           Power      Damage    Failure   Level
t - Stone Arrow           Conj/Erth      58%        3d10      2%          3
w - Passwall              Tmut/Erth      25%        N/A       1%          2
z - Sandblast             Erth           100%       2d20      1%          1

Your spell library contained the following spells:

 Spells                   Type           Power      Damage    Failure   Level
 Petrify                  Tmut/Erth      30%        N/A       7%          4
 Borgnjor's Vile Clutch   Necr/Erth      14%        N/A       22%         5
 Blink                    Tloc           N/A        N/A       26%         2
 Ensorcelled Hibernation  Hex/Ice        2%         N/A       26%         2
 Ozocubu's Armour         Ice            1%         N/A       47%         3
 Tukima's Dance           Hex            1%         N/A       47%         3
 Alistair's Intoxication  Tmut/Pois      2%         N/A       99%         5
 Manifold Assault         Tloc           1%         N/A       99%         5
 Metabolic Englaciation   Hex/Ice        0%         N/A       99%         5
 Eringya's Noxious Bog    Tmut/Pois      1%         N/A       100%        6
 Simulacrum               Ice/Necr       0%         N/A       100%        6
 Storm Form               Tmut/Air       1%         N/A       100%        7

Inventory:

Hand Weapons
 r - a +0 dagger of venom
 t - a +3 dagger
 x - the +10 flail "Ekko Jenn" (weapon) {vorpal, Str+3}
   (You found it on level 6 of the Dungeon)

   It inflicts extra damage upon your enemies.
   Str:       It affects your strength (+3).
Missiles
 c - 97 stones
Armour
 e - a +0 cloak (worn)
 j - a +1 robe of the Archmagi
 v - +0 steam dragon scales (worn)
Jewellery
 g - an amulet of faith (around neck) {!P}
 F - a ring of protection from fire (left hand)
Wands
 d - a wand of iceblast (8)
 l - a wand of flame (20)
Scrolls
 a - a scroll of noise {unknown}
 b - a scroll of teleportation {unknown}
 h - a scroll of torment {unknown}
 k - a scroll of identify {unknown}
 m - a scroll of enchant armour {unknown}
 n - 2 scrolls of blinking {unknown}
 p - a scroll of magic mapping {unknown}
 q - a scroll of acquirement {unknown}
 s - a scroll of vulnerability {unknown}
 w - a scroll of fear {unknown}
 y - a scroll of silence {unknown}
 A - a scroll of immolation {unknown}
Potions
 f - 4 potions of curing {@q1}
 o - 2 potions of haste {@q3}
 u - a potion of resistance {unknown}

Dungeon Overview and Level Annotations

Branches:
Dungeon (7/15)             Temple (1/1) D:5

Altars:
Ashenzari
Cheibriados
Dithmenos
Elyvilon
Fedhas
Gozag
Makhleb
Okawaru
Qazlal
Uskayaw
Vehumet
Wu Jian
Xom
Yredelemnul
Zin
The Shining One

Annotations:
D:6 2 runed translucent doors, Megustar's ghost, novice DEFE
D:7 Maggie ** ,* **** , * , * ####### * ##PPPPPPP

* #.....P.P
##§PPP.P.P,,,
** *
#g.P.P.P(..P
#@#P?P.P.P.P
, *
#.#P...g.P ..
,


#.#PPP)PPP ,PP, * #.# .P... , * #.#,.P.P.P, #.#P...P.. , #.# , ,* #.#,, #.# , ,
You could see a gnoll sergeant.


Message History

Found 24 bolts.
A gnoll comes into view. It is wielding a +0 spear.
Casting: Sandblast (safe; 1% risk of failure)
Confirm with . or Enter, or press ? or * to list all spells.
Aiming: Stone Arrow (mildly dangerous; 2% risk of failure)
Press: ? - help, Shift-Dir - straight line, f - gnoll sergeant
Aim: a gnoll sergeant, wielding a +4 vorpal spear and wearing a +0 scale mail (79% to hit)
The stone arrow misses the gnoll sergeant.
The stone arrow hits the gnoll!!
You kill the gnoll!
Makhleb accepts your kill.
You feel better.
The gnoll sergeant hits you from afar with a +4 vorpal spear.
* * * LOW HITPOINT WARNING * * *
A gnoll comes into view. It is wielding a +0 club.
Unknown command.
Okay, then.
The gnoll sergeant hits you from afar with a +4 vorpal spear.
The gnoll throws a stone.
The stone barely misses you.
It was a potion of attraction.
You feel attractive to monsters.
The gnoll sergeant is attracted toward you.
Casting: Stone Arrow (mildly dangerous; 2% risk of failure)
Confirm with . or Enter, or press ? or * to list all spells.
Aiming: Sandblast (safe; 1% risk of failure)
Press: ? - help, Shift-Dir - straight line, f/p - gnoll sergeant
Aim: a gnoll sergeant, wielding a +4 vorpal spear and wearing a +0 scale mail (88% to hit)
The blast of sand hits the gnoll sergeant but does no damage.
The gnoll sergeant hits you with a +4 vorpal spear!
You die...

Skill      XL: |  1  2  3  4  5  6  7  8  9 |
---------------+----------------------------+-----
Earth Magic    | 5 6 7 9 10 12 15 | 15.1
Fighting       | 2 |  2.1
Spellcasting   | 2 |  2.2
Dodging        | |  2.1
Stealth        | |  2.4
Transmutations | |  0.8

Action                   |  1- 3 |  4- 6 |  7- 9 || total
-------------------------+-------+-------+-------++-------
Melee: Short sword       |     4 |       |       ||     4
       Dagger            |    15 |    43 |     5 ||    63
       Headbutt          |       |     8 |     4 ||    12
       Flail             |       |       |    22 ||    22
 Cast: Sandblast         |    30 |    55 |    48 ||   133
       Passwall          |     1 |    17 |    19 ||    37
       Stone Arrow       |       |       |    10 ||    10
 Abil: Heal Wounds       |       |     1 |       ||     1
Evoke: Wand              |       |     1 |     1 ||     2
  Use: Potion            |       |     3 |     5 ||     8
 Stab: Sleeping          |     4 |     5 |     1 ||    10
Armor: Robe              |     3 |     3 |     2 ||     8
       Leather armour    |       |    10 |     4 ||    14
       Steam dragon scal |       |       |     7 ||     7
Dodge: Dodged            |    13 |    29 |    27 ||    69

Levels and vault maps discovered:
D:1:      ncdulo_wetmaze, layout_basic
D:2:      layout_loops_ring, serial_forest, infiniplex_forest_fountain,
          infiniplex_forest_3_way, infiniplex_forest_clump_curved,
          infiniplex_forest_straight_2, infiniplex_forest_lined_room_,
          infiniplex_forest_lined_2, infiniplex_forest_straight_4,
          infiniplex_forest_lined_ring, infiniplex_forest_3_way,
          uniq_crazy_yiuf_cottage, uniq_natasha
D:3:      minmay_door_path, layout_basic, uniq_terence
D:4:      layout_rooms, serial_co_window_serial, co_window_corner_a,
          co_window_paths_a, co_window_paths_a, co_window_paths_b,
          co_window_paths_a, co_window_corner_a, co_window_2corner,
          co_window_unsneaky_path_b, co_window_cross_4, co_window_4corner_a,
          co_window_sun, glass_columns_b
D:5:      layout_cave_pools, mainiacjoe_overflow_six_doors_small,
          minmay_temple_entry_wispy, uniq_duvessa
D:6:      layout_basic, ebering_ghost_sewer_f, chequers_hall_statues_y,
          uniq_edmund
D:7:      layout_basic, minmay_hedge_maze, st_stairs_7, uniq_maggie
Temple:   minmay_freezing_vapour_temple

Notes
Turn   | Place    | Note
-------+----------+-------------------------------------------
     0 | D:1      | Irenicus the Deep Dwarf Earth Elementalist began the quest
                  | for the Orb.
     0 | D:1      | Reached XP level 1. HP: 15/15 MP: 3/3
   102 | D:1      | Reached skill level 5 in Earth Magic
   102 | D:1      | Reached XP level 2. HP: 16/22 MP: 0/4
   325 | D:1      | Reached XP level 3. HP: 14/28 MP: 3/5
   512 | D:1      | Learned a level 2 spell: Passwall
   563 | D:2      | Reached skill level 6 in Earth Magic
   593 | D:2      | Found a runed translucent door.
   594 | D:2      | Noticed Crazy Yiuf
   600 | D:2      | Killed Crazy Yiuf
   601 | D:2      | Reached XP level 4. HP: 10/36 MP: 0/6
   665 | D:2      | Noticed Natasha
   681 | D:2      | Killed Natasha
   682 | D:2      | Reached skill level 7 in Earth Magic
   693 | D:2      | HP: 1/36 [worm (3)]
   723 | D:2      | Gained mutation: You are weak. (Str -2) [potion of
                  | mutation]
   723 | D:2      | Gained mutation: You have a pair of small horns on your
                  | head. [potion of mutation]
   723 | D:2      | Gained mutation: A frigid envelope surrounds you and
                  | freezes all who hurt you. [potion of mutation]
   723 | D:2      | Gained mutation: You are partially covered in iridescent
                  | scales. (AC +2) [potion of mutation]
   936 | D:2      | Noticed Natasha
   948 | D:2      | Killed Natasha
   949 | D:2      | Reached XP level 5. HP: 25/42 MP: 3/7
  1052 | D:2      | Noticed Natasha
  1060 | D:2      | Killed Natasha
  1061 | D:2      | Reached skill level 8 in Earth Magic
  1197 | D:3      | Noticed Terence
  1202 | D:3      | Killed Terence
  1342 | D:4      | Reached skill level 9 in Earth Magic
  1342 | D:4      | Reached XP level 6. HP: 26/49 MP: 2/8
  1855 | D:4      | Reached skill level 10 in Earth Magic
  1942 | D:5      | Entered Level 5 of the Dungeon
  1943 | D:5      | Found a staircase to the Ecumenical Temple.
  1951 | Temple   | Entered the Ecumenical Temple
  1956 | Temple   | Became a worshipper of Makhleb the Destroyer
  1982 | D:5      | Learned a level 3 spell: Stone Arrow
  1993 | D:5      | Reached XP level 7. HP: 23/55 MP: 6/9
  1995 | D:5      | Identified a +1 robe of the Archmagi
  1995 | D:5      | Noticed Dowan
  2001 | D:5      | Noticed Duvessa
  2032 | D:5      | Killed Duvessa
  2033 | D:5      | Reached skill level 11 in Earth Magic
  2036 | D:5      | Killed Dowan
  2105 | D:5      | Reached skill level 12 in Earth Magic
  2127 | D:5      | Found a white marble altar of Elyvilon.
  2339 | D:6      | Noticed a steam dragon
  2366 | D:6      | Noticed Edmund
  2369 | D:6      | Killed Edmund
  2370 | D:6      | Reached XP level 8. HP: 14/62 MP: 4/10
  2371 | D:6      | Reached skill level 13 in Earth Magic
  2427 | D:6      | Identified the +10 flail "Ekko Jenn" {vorpal, Str+3}
  2469 | D:6      | Reached * piety under Makhleb
  2598 | D:6      | HP: 5/62 [orc priest/divine providence (9)]
  2605 | D:6      | Reached skill level 14 in Earth Magic
  2694 | D:6      | Found a runed translucent door.
  2694 | D:6      | Noticed Megustar's ghost (novice DEFE)
  2724 | D:6      | Found a runed translucent door.
  2876 | D:7      | Noticed Maggie
  3031 | D:7      | Reached skill level 1 in Fighting
  3077 | D:7      | HP: 6/67 [centaur skeleton (1)]
  3121 | D:7      | Reached skill level 2 in Fighting
  3121 | D:7      | Reached skill level 15 in Earth Magic
  3121 | D:7      | Gained mutation: You passively map the area around you.
                  | [Deep Dwarf growth]
  3121 | D:7      | Reached XP level 9. HP: 7/73 MP: 1/11
  3160 | D:7      | Reached skill level 2 in Spellcasting
  3194 | D:7      | HP: 6/73 [gnoll sergeant (2)]
  3202 | D:7      | Slain by a gnoll sergeant

Vanquished Creatures
  A steam dragon (D:6)
  Edmund (D:6)
  A water moccasin (D:5)
  Duvessa (D:5)
  An ice beast (D:6)
  A sky beast (D:7)
  A necrophage (D:7)
  3 ogres
  A phantom (D:5)
  2 kobold brigands
  A bullfrog (D:6)
  2 scorpions
  Dowan (D:5)
  A water moccasin skeleton (D:5)
  A bullfrog zombie (D:5)
  A centaur zombie (D:7)
  Crazy Yiuf (D:2)
  A centaur skeleton (D:7)
  3 orc priests
  Natasha (thrice) (D:2)
  Terence (D:3)
  2 iguanas
  3 orc wizards
  2 hound zombies (D:5)
  3 gnolls
  6 adders
  A shadow imp (D:5)
  An ufetubus (D:6)
  5 worms
  A dart slug (D:1)
  8 orcs
  4 bats
  4 endoplasms
  3 giant cockroaches
  5 goblins
  4 hobgoblins
  2 jackals (D:2)
  4 quokkas
  5 ball pythons
  6 frilled lizards
  13 kobolds
  6 rats
117 creatures vanquished.

Vanquished Creatures (others)
  5 plants (D:2)
5 creatures vanquished.

Grand Total: 122 creatures vanquished

Table legend: (Time is in decaauts)
 A = Elapsed time spent in this place.
 B = Non-inter-level travel time spent in this place.
 C = Inter-level travel time spent in this place.
 D = Time resting spent in this place.
 E = Time spent auto-exploring this place.
 F = Levels seen in this place.
 G = Mean time per level.
                   A        B        C        D        E       F      G
               +--------+--------+--------+--------+--------+-----+--------+
         Total |   3216 |   3144 |     72 |      0 |      0 |   8 |  402.0 |
       Dungeon |   3205 |   3133 |     72 |      0 |      0 |   7 |  457.9 |
        Temple |     10 |     10 |      0 |      0 |      0 |   1 |   10.0 |
               +--------+--------+--------+--------+--------+-----+--------+

Top non-repeatable levels by time:
     D:2: 671 daAuts
     D:4: 629 daAuts
     D:6: 610 daAuts
     D:1: 539 daAuts
     D:5: 339 daAuts
     D:7: 289 daAuts
     D:3: 125 daAuts
  Temple: 10 daAuts

Table legend:
 A = Non-vault XP
 B = Vault XP
 C = Vault XP percentage of total XP
 D = Non-vault monster count
 E = Vault monster count
 F = Vault count percentage of total count
                 A         B        C        D         E       F
            +---------+---------+-------+---------+---------+-------
      Total |    2408 |     567 |  19.1 |     106 |      11 |   9.4
            +---------+---------+-------+---------+---------+-------
        D:1 |      53 |       0 |   0.0 |      22 |       0 |   0.0
        D:2 |     131 |      78 |  37.3 |      25 |       2 |   7.4
        D:3 |       0 |      40 | 100.0 |       0 |       4 | 100.0
        D:4 |     375 |       0 |   0.0 |      20 |       0 |   0.0
        D:5 |     483 |     209 |  30.2 |      10 |       2 |  16.7
        D:6 |     715 |     157 |  18.0 |      16 |       1 |   5.9
        D:7 |     651 |      83 |  11.3 |      13 |       2 |  13.3
            +---------+---------+-------+---------+---------+-------
